 Dungeon Crawl Stone Soup version 0.31-a0-1066-g35875b34c7 (webtiles) character file.

Game seed: 2501390485099851867

81213 Lowscore the Reanimator (level 15, -2/127 HPs)
             Began as a Naga Shapeshifter on Nov 22, 2023.
             Was an Initiate of Gozag.
             Slain by an ettin
             ... wielding a +0 dire flail
              (39 damage)
             ... on level 2 of the Orcish Mines.
             The game lasted 01:43:21 (16719 turns).

Lowscore the Reanimator (Naga Shapeshifter)        Turns: 16719, Time: 01:43:22

Health: -2/127     AC: 17    Str: 21    XL:     15   Next: 69%
Magic:  15/27      EV: 13    Int: 15    God:    Gozag
Gold:   4021       SH:  0    Dex: 11    Spells: 7/30 levels left

rFire   . .          .
                       - Unarmed
rCold   . . .        (shield currently unavailable)
rNeg    + . .        B - +2 robe {Will+}
rPois   +            X - +1 hat
rElec   +            (no cloak)
rCorr   .            j - +2 pair of gloves
SInv    +            N - +1 barding {Fly}
Will    ++...        v - amulet of regeneration
Stlth   +            i - +5 ring of evasion
HPRegen 1.21/turn    V - ring "Veagronu" {Wiz rN+ Slay+3}
MPRegen 0.20/turn

%: wizardry (x1)
@: flux-form, death channelling, gold aura, flying, glowing, studying 2 skills,
very slow
A: glow, contaminating, AC +5, large, see invisible, deformed body, poison
resistance, slowness 2, spit poison 1, naga tail 2, clever 1, electricity
resistance, wild magic 1, inability to read after injury 1, sturdy frame 1
a: Spit Poison, Begin Untransformation, Renounce Religion, Potion Petition, Call
Merchant, Bribe Branch


You were on level 2 of the Orcish Mines.
You worshipped Gozag.
Gozag was most pleased with you.
You were something dangerously unstable.
You visited 4 branches of the dungeon, and saw 19 of its levels.
You also visited: Bailey.

You collected 8472 gold pieces.
You spent 3672 gold pieces at shops.
You paid 779 gold pieces to Gozag.

Inventory:

Missiles
 K - a throwing net
Armour
 b - a +3 leather armour of cold resistance
 j - a +2 pair of gloves (worn)
 B - a +2 robe of willpower (worn)
 N - a +1 barding of flying (worn)
 P - the +2 troll leather armour of Fuczuh {Will- Regen+ rCorr Int+3 Stlth+}
   (You found it in a bailey)

   Int+3:     It affects your intelligence (+3).
   Will-:     It decreases your willpower.
   Regen+:    It increases your rate of health regeneration.
   rCorr:     It protects you from acid and corrosion.
   Stlth+:    It makes you more stealthy.
 Q - a +0 ring mail of fire resistance
 X - a +1 hat (worn)
Jewellery
 i - a +5 ring of evasion (left hand)
 v - an amulet of regeneration (around neck)
 G - a ring of protection from cold
 V - the ring "Veagronu" (right hand) {Wiz rN+ Slay+3}
   (You bought it in a shop on level 1 of the Lair of Beasts)

   [ring of wizardry]

   Wiz:       It improves your spell success rate.
   Slay+3:    It affects your accuracy & damage with ranged weapons and melee
   (+3).
   rN+:       It protects you from negative energy.
 W - the ring of Denaa {rElec rCorr Int+5 Dex+3}
   (You bought it in a shop on level 1 of the Lair of Beasts)

   [ring of resist corrosion]

   Int+5:     It affects your intelligence (+5).
   Dex+3:     It affects your dexterity (+3).
   rElec:     It insulates you from electricity.
   rCorr:     It protects you from acid and corrosion.
Talismans
 a - a granite talisman
 d - a flux talisman (active)
 f - a serpent talisman
 o - a blade talisman
 L - a beast talisman
 S - a maw talisman
Wands
 y - a wand of light (20)
 z - a wand of flame (52)
 C - a wand of iceblast (28)
 D - a wand of paralysis (10)
 R - a wand of digging (6)
Scrolls
 e - 4 scrolls of fear
 h - 9 scrolls of amnesia
 p - 3 scrolls of blinking
 q - 5 scrolls of immolation
 r - 4 scrolls of teleportation
 s - 5 scrolls of revelation
 H - 2 scrolls of fog
Potions
 g - a potion of lignification
 k - 9 potions of curing
 l - 4 potions of enlightenment
 m - 6 potions of heal wounds
 n - a potion of ambrosia {unknown}
 t - a potion of invisibility {unknown}
 u - 4 potions of might
 w - 4 potions of haste
 A - 2 potions of degeneration {unknown}
 E - a potion of resistance {unknown}
 I - a potion of berserk rage {unknown}
 Y - 3 potions of brilliance {unknown}
 Z - a potion of magic
Miscellaneous
 J - a phantom mirror (inert)
 M - a phial of floods
 O - a lightning rod (4/4)
 T - a tin of tremorstones (inert)


   Skills:
 - Level 6.4 Fighting
 - Level 2.0 Armour
 - Level 2.0 Dodging
 - Level 11.0 Unarmed Combat
 - Level 8.0 Spellcasting
 - Level 6.0 Hexes
 - Level 14.0 Necromancy
 - Level 8.0 Ice Magic
 + Level 12.3 Evocations
 - Level 11.0 Shapeshifting


You had 7 spell levels left.
You knew the following spells:

 Your Spells              Type           Power      Damage    Failure   Level
a - Ozocubu's Armour      Ice            39%        N/A       1%          3
b - Sigil of Binding      Hex            31%        N/A       2%          3
c - Death Channel         Necr           29%        N/A       4%          6
d - Borgnjor's Vile Clut  Necr/Erth      17%        N/A       11%         5
e - Vampiric Draining     Necr           58%        2d10      1%          3
f - Frozen Ramparts       Ice            78%        1d12      1%          3

Your spell library contained the following spells:

 Spells                   Type           Power      Damage    Failure   Level
 Freeze                   Ice            100%       1d10      1%          1
 Slow                     Hex            100%       N/A       1%          1
 Confusing Touch          Hex            31%        N/A       2%          3
 Hailstorm                Conj/Ice       23%        3d7       4%          3
 Sting                    Tmut/Pois      28%        1d4       7%          1
 Alistair's Intoxication  Tmut/Pois      4%         N/A       80%         5
 Ozocubu's Refrigeration  Ice            19%        4d11      85%         7
 Eringya's Noxious Bog    Tmut/Pois      3%         4d6       100%        6
 Starburst                Conj/Fire      3%         6d3       100%        6
 Animate Dead             Necr           Unusable   N/A       N/A         4

Dungeon Overview and Level Annotations

Branches:
Dungeon (11/15)            Temple (1/1) D:4            Lair (5/5) D:11
  Swamp (0/4) Lair:3       Spider (0/4) Lair:3        Slime (0/5) Lair:4
    Orc (2/2) D:10         Bailey (visited)
    Elf: Orc:2

Altars:
Ashenzari
Cheibriados
Dithmenos
Elyvilon
Fedhas
Gozag
Hepliaklqana
Kikubaaqudgha
Makhleb
Nemelex Xobeh
Okawaru
Qazlal
Ru
Sif Muna
Trog
Uskayaw
Vehumet
Wu Jian
Xom
Yredelemnul
Zin
The Shining One
Jiyva

Shops:
D:1 :   D:10 [   D:11 [   Orc:1 :   Orc:2 :*   Lair:1 =


Innate Abilities, Weirdness & Mutations

You are something dangerously unstable.
You glow with magical radiation, making you easy to see and hit.
Foes you strike become dangerously contaminated with magical radiation.
You are incapable of wielding weapons or throwing items.
Your serpentine skin is tough. (AC +5)
You have supernaturally acute eyesight. (SInv)
Armour fits poorly on your strangely shaped body.
Your system is resistant to poisons. (rPois)
You cover ground very slowly.
You can spit poison.
You can use your snake-like lower body to constrict enemies.
Your mind is acute. (Int +4, Str/Dex -1)
You are resistant to electric shocks. (rElec)
Your spells are a little harder to cast, but a little more powerful.
You occasionally lose the ability to read scrolls when taking damage.
Your movements are slightly less encumbered by armour. (ER -2)


Message History

Your spectral deep troll bites the troll!
Your spectral deep troll drains the troll.
Your spectral deep troll claws the troll! x2
The troll dies!
A glowing mist starts to gather...
Your spectral orc warrior hits the troll.
Your spectral troll barely misses the orc priest.
Your spectral troll claws the orc priest! x2
The orc priest dies!
A glowing mist starts to gather...
The orc is distracted by your dazzling golden aura.
The ogre shouts!
The orc shouts!
The ogre shouts! x2
Unknown command.
Unknown command.
Unknown command.
Unknown command.
Casting: Vampiric Draining (safe; 1% risk of failure)
Confirm with . or Enter, or press ? or * to list all spells.
Aiming: Vampiric Draining (safe; 1% risk of failure)
Press: ? - help, Shift-Dir - straight line, f - troll
Aim: a troll (heavily wounded, constricted by you, ally target)
Okay, then.
Casting: Vampiric Draining (safe; 1% risk of failure)
Confirm with . or Enter, or press ? or * to list all spells.
Aiming: Vampiric Draining (safe; 1% risk of failure)
Press: ? - help, Shift-Dir - straight line, f - troll
Aim: a troll (heavily wounded, constricted by you, ally target)
You draw life force from the troll!
You feel life coursing into your body!
You constrict the troll.
The ogre is no longer distracted by gold.
The troll is no longer distracted by gold.
The ogre is no longer distracted by gold.
The ogre mage is no longer distracted by gold.
Your spectral two-headed ogre hits the ettin!
Your spectral two-headed ogre hits the ettin but does no damage.
The ogre is distracted by your dazzling golden aura. x2
The ettin barely misses you.
The ettin hits you with a +0 dire flail!!!
You die...
Your body crumbles into a pile of gold.

...............
...............
...O.$.........
....OoOo.∩.....
..ZOOO$OOZ.....
$..OOoOOTZ.....
...o$$CTZZ.....
#...ZZZpZ$.....
......$ZZ......
.....$..$......
...............
#..............
##.............
...............
........<......


You could see an ettin, 2 two-headed ogres, an ogre mage (invisible), 2 trolls,
an orc warrior, 9 ogres, 3 orcs, a friendly spectral orc warrior, a friendly
spectral orc priest, 3 friendly spectral ogres, a friendly spectral two-headed
ogre, a friendly spectral ogre mage, 2 friendly spectral trolls and 2 friendly
spectral deep trolls.

Vanquished Creatures
  Gastronok (Lair:3)
  Kirke (Lair:3)
  A hydra (Lair:4)
  A catoblepas (Lair:1)
  A centaur warrior (D:10)
  The ghost of Hyfo the Eclecticist, a journeyman DECj of Vehumet (Lair:2)
  5 two-headed ogres
  3 boulder beetles (Lair:5)
  2 death yaks (Lair:5)
  Erica (D:8)
  A dancing weapon (D:10)
  The ghost of kskgo the Nimble, a journeyman DjFE (D:10)
  Urug (Lair:5)
  Amaemon (D:9)
  A skyshark (Lair:3)
  A deep troll (Orc:2)
  2 bog bodies (Lair:3)
  A phantasmal warrior (Lair:1)
  A lindwurm (Lair:2)
  A wolf spider (Lair:5)
  3 ugly things
  5 cyclopes
  Maurice (D:8)
  An eye of devastation (Lair:4)
  9 black mambas
  An orange demon (D:9)
  16 cane toads
  5 elephants
  8 komodo dragons
  6 rime drakes
  2 unseen horrors (D:11)
  3 meliai (Lair:3)
  A queen bee (Lair:3)
  10 polar bears
  7 trolls
  2 hornets (Lair:5)
  A glass eye (Lair:4)
  8 blink frogs (Lair:2)
  10 dream sheep
  5 jumping spiders (Lair:3)
  Sigmund (D:2)
  A water elemental (D:11)
  3 shadows (D:10)
  2 vampires
  A human (Lair:1)
  3 wraiths
  16 wyverns
  Eustachio (D:5)
  3 basilisks
  A steam dragon (D:7)
  48 yaks
  2 redbacks
  4 hogs (Lair:3)
  Grum (D:9)
  An acid dragon (D:10)
  22 water moccasins
  3 wargs (Lair:5)
  16 hell hounds (Lair:5)
  20 orc warriors
  2 sky beasts (D:7)
  12 black bears
  3 centaurs
  26 wolves
  7 ogres
  2 phantoms
  Blork the orc (D:4)
  4 kobold brigands
  18 bullfrogs
  5 gnoll sergeants
  4 scorpions
  4 wights (D:7)
  47 killer bees
  6 electric eels
  2 howler monkeys
  3 jellies
  9 hounds
  4 orc priests
  A gnoll bouda (D:4)
  An iguana (D:5)
  A sleepcap (D:6)
  Terence (D:2)
  8 orc wizards
  6 hell rats
  21 gnolls
  7 adders
  2 river rats (Lair:3)
  3 shadow imps
  2 white imps
  2 ufetubi (D:5)
  2 worms (D:2)
  7 dart slugs
  39 orcs
  6 bats
  11 endoplasms
  A giant cockroach (D:4)
  7 goblins
  6 hobgoblins
  8 quokkas
  7 ball pythons
  13 frilled lizards
  30 kobolds
  6 rats
638 creatures vanquished.

Vanquished Creatures (collateral kills)
  Jorgrun (Orc:1)
  3 two-headed ogres (Orc:2)
  An ogre mage (Orc:2)
  A death yak (Lair:5)
  A deep troll (Orc:2)
  An elephant (Lair:4)
  A black mamba (Lair:5)
  A guardian serpent (Lair:5)
  3 cane toads (Lair:5)
  2 trolls (Orc:2)
  2 polar bears (Lair:5)
  A dream sheep (Lair:4)
  5 yaks (Lair:4)
  A basilisk (Lair:4)
  A redback (Lair:5)
  A warg (Lair:5)
  3 water moccasins
  A hell hound (Lair:5)
  2 ogres (Orc:2)
  2 black bears (Lair:5)
  2 wolves
  A bullfrog (Lair:4)
  An orc priest (Orc:2)
  3 orcs (Orc:2)
41 creatures vanquished.

Vanquished Creatures (others)
  A hound (D:11)
1 creature vanquished.

Grand Total: 680 creatures vanquished

Notes
Turn   | Place    | Note
-------+----------+-------------------------------------------
     0 | D:1      | Lowscore the Naga Shapeshifter began the quest for the Orb.
     0 | D:1      | Reached XP level 1. HP: 18/18 MP: 1/1
   148 | D:1      | Reached XP level 2. HP: 25/25 MP: 2/2
   384 | D:1      | Found a faded altar of an unknown god.
   387 | D:1      | Prayed at the altar of an unknown god.
   387 | D:1      | Became a worshipper of Gozag Ym Sagoz the Greedy
   498 | D:1      | Reached XP level 3. HP: 30/31 MP: 3/3
   574 | D:1      | Found Kaugik's Book Shoppe.
   838 | D:2      | Noticed Terence
   853 | D:2      | Killed Terence
   854 | D:2      | Reached XP level 4. HP: 29/39 MP: 4/4
  1236 | D:2      | Noticed Sigmund
  1257 | D:2      | Killed Sigmund
  1258 | D:2      | Reached XP level 5. HP: 29/46 MP: 5/5
  1258 | D:2      | Reached XP level 6. HP: 35/55 MP: 6/6
  2267 | D:4      | Identified the +2 ring mail of the Hippo {rElec Dex+4}
  2367 | D:4      | Reached skill level 5 in Unarmed Combat
  2476 | D:4      | Reached skill level 5 in Shapeshifting
  2548 | D:4      | Found a staircase to the Ecumenical Temple.
  2573 | Temple   | Entered the Ecumenical Temple
  2611 | D:4      | Reached XP level 7. HP: 62/62 MP: 7/7
  2614 | D:4      | Noticed Blork the orc
  2629 | D:4      | Killed Blork the orc
  2920 | D:5      | Entered Level 5 of the Dungeon
  3374 | D:5      | Reached XP level 8. HP: 72/72 MP: 8/8
  3559 | D:5      | Noticed Eustachio
  3580 | D:5      | Killed Eustachio
  4216 | D:6      | Reached XP level 9. HP: 80/80 MP: 9/9
  4224 | D:6      | Reached skill level 5 in Fighting
  4254 | D:6      | Gained mutation: You occasionally lose the ability to read
                  | scrolls when taking damage. [potion of mutation]
  4254 | D:6      | Gained mutation: Your spells are a little harder to cast,
                  | but a little more powerful. [potion of mutation]
  4254 | D:6      | Gained mutation: Your mind is acute. (Int +4, Str/Dex -1)
                  | [potion of mutation]
  4254 | D:6      | Gained mutation: You have hidden genetic potential. [potion
                  | of mutation]
  4573 | D:7      | Reached skill level 1 in Armour
  4592 | D:7      | Found the +5 woodcutter's axe
  4900 | D:7      | Reached skill level 1 in Evocations
  5438 | D:8      | Found a shimmering altar of Xom.
  5451 | D:8      | Reached XP level 10. HP: 89/91 MP: 10/10
  5484 | D:8      | Gained mutation: You are resistant to electric shocks.
                  | (rElec) [hidden potential]
  5572 | D:8      | Noticed Maurice
  5582 | D:8      | Maurice stole a ring of resist corrosion
  5583 | D:8      | Maurice stole a serpent talisman
  5586 | D:8      | Killed Maurice
  5609 | D:8      | Noticed a cyclops
  5627 | D:8      | Killed a cyclops
  5901 | D:8      | Got the Almanac of Mutated Immolation
  5905 | D:8      | Noticed a purple ugly thing
  5906 | D:8      | Noticed a purple ugly thing
  5906 | D:8      | Noticed Erica
  5999 | D:8      | Found a blossoming altar of Fedhas.
  6168 | D:8      | Killed a green ugly thing
  6174 | D:8      | Killed a purple ugly thing
  6249 | D:8      | Killed Erica
  6273 | D:8      | Noticed a cyclops
  6284 | D:8      | Killed a cyclops
  6354 | D:8      | Reached skill level 10 in Shapeshifting
  6356 | D:8      | Reached skill level 10 in Unarmed Combat
  6404 | D:9      | Reached XP level 11. HP: 65/97 MP: 11/11
  6414 | D:9      | Gained mutation: Your movements are slightly less
                  | encumbered by armour. (ER -2) [hidden potential]
  6414 | D:9      | Lost mutation: You have hidden genetic potential. [hidden
                  | potential expressed]
  6489 | D:9      | Reached skill level 5 in Evocations
  6571 | D:9      | Noticed Grum
  6573 | D:9      | Killed Grum
  6622 | D:9      | Noticed Amaemon
  6631 | D:9      | Killed Amaemon
  7510 | D:1      | Bought a book of Debilitation for 336 gold pieces
  7510 | D:1      | Bought Ozocubu's Autobiography for 288 gold pieces
  7514 | D:1      | Learned a level 3 spell: Ozocubu's Armour
  7518 | D:1      | Learned a level 3 spell: Sigil of Binding
  7795 | D:10     | Entered Level 10 of the Dungeon
  7895 | D:10     | Found a stormy altar of Qazlal.
  7919 | D:10     | Found a runed translucent door.
  7919 | D:10     | Found a shimmering altar of Xom.
  7919 | D:10     | Noticed a +0 trident of chaos
  7919 | D:10     | Noticed kskgo's ghost (journeyman DjFE)
  7962 | D:10     | Reached skill level 1 in Spellcasting
  7965 | D:10     | Noticed a two-headed ogre
  7980 | D:10     | Killed a two-headed ogre
  7981 | D:10     | Reached skill level 1 in Ice Magic
  8025 | D:10     | Noticed a centaur warrior
  8034 | D:10     | Killed a centaur warrior
  8087 | D:10     | Found a flagged portal.
  8104 | D:10     | Identified the +2 hand axe "Cihiutudd" {spect, +Blink Str+6
                  | Dex-2}
  8110 | Bailey   | Entered a bailey
  8152 | Bailey   | Identified the +3 plate armour "Tennisaf" {Drain Str+5}
  8238 | Bailey   | Reached XP level 12. HP: 105/105 MP: 17/17
  8245 | Bailey   | Reached skill level 1 in Hexes
  8347 | Bailey   | Identified the +2 troll leather armour of Fuczuh {Will-
                  | Regen+ rCorr Int+3 Stlth+}
  8556 | D:10     | Found Sossarr's Armour Boutique.
  8559 | D:10     | Bought a +0 ring mail of fire resistance for 176 gold
                  | pieces
  8645 | D:10     | Found a staircase to the Orcish Mines.
  8690 | D:10     | Reached skill level 5 in Ice Magic
  8990 | D:10     | Killed kskgo's ghost
  9231 | D:11     | Found Renif's Armour Shop.
  9257 | D:11     | Found a staircase to the Lair.
  9534 | D:11     | Noticed a two-headed ogre
  9558 | D:11     | Killed a two-headed ogre
  9629 | D:11     | Reached skill level 5 in Hexes
  9798 | Lair:1   | Entered Level 1 of the Lair of Beasts
  9997 | Lair:1   | Noticed a catoblepas
 10041 | Lair:1   | Killed a catoblepas
 10075 | Lair:1   | Gained mutation: You can use your snake-like lower body to
                  | constrict enemies. [Naga growth]
 10075 | Lair:1   | Reached XP level 13. HP: 43/111 MP: 19/19
 10100 | Lair:1   | Learned a level 6 spell: Death Channel
 10106 | Lair:1   | Learned a level 5 spell: Borgnjor's Vile Clutch
 10535 | Lair:1   | Reached skill level 1 in Necromancy
 10535 | Lair:1   | Found a runed translucent door.
 10552 | Lair:1   | Reached skill level 2 in Necromancy
 10872 | Lair:1   | Bought the ring "Veagronu" {Wiz rN+ Slay+3} for 860 gold
                  | pieces
 10872 | Lair:1   | Bought the ring of Denaa {rElec rCorr Int+5 Dex+3} for 812
                  | gold pieces
 10898 | Lair:2   | Reached skill level 3 in Necromancy
 10914 | Lair:2   | Identified a scroll of acquirement
 10915 | Lair:2   | Acquired 1011 gold pieces
 10973 | Lair:2   | Found a transporter.
 10976 | Lair:2   | Noticed Hyfo's ghost (journeyman DECj)
 10979 | Lair:2   | Found a transporter.
 11024 | Lair:2   | Reached skill level 4 in Necromancy
 11234 | Lair:2   | Reached skill level 5 in Necromancy
 11340 | Lair:2   | Reached skill level 6 in Necromancy
 11793 | Lair:2   | Reached skill level 7 in Necromancy
 12114 | Lair:2   | Reached skill level 8 in Necromancy
 12149 | Lair:2   | Killed Hyfo's ghost
 12359 | Lair:3   | Reached skill level 9 in Necromancy
 12380 | Lair:3   | Identified the +8 dagger of Fedhas's Hope {speed, rElec
                  | rPois Str-2}
 12389 | Lair:3   | Found a staircase to the Swamp.
 12488 | Lair:3   | Reached skill level 10 in Necromancy
 12545 | Lair:3   | Found a hole to the Spider Nest.
 12764 | Lair:3   | Reached XP level 14. HP: 120/120 MP: 16/20
 12855 | Lair:3   | Noticed Gastronok
 12878 | Lair:3   | Reached skill level 11 in Necromancy
 12949 | Lair:3   | Learned a level 3 spell: Vampiric Draining
 13052 | Lair:3   | Killed Gastronok
 13158 | Lair:3   | Noticed Kirke
 13169 | Lair:3   | Killed Kirke
 13186 | Lair:3   | Reached skill level 12 in Necromancy
 13717 | Lair:4   | You are sucked into a shaft and drop 1 floor!
 13717 | Lair:5   | Entered Level 5 of the Lair of Beasts
 13774 | Lair:4   | Reached skill level 5 in Spellcasting
 14018 | Lair:4   | Found a staircase to the Slime Pits.
 14018 | Lair:4   | Found a viscous altar of Jiyva.
 14612 | Lair:5   | Noticed Urug
 14619 | Lair:5   | Killed Urug
 14871 | Lair:5   | Reached skill level 13 in Necromancy
 14971 | Lair:5   | Reached XP level 15. HP: 112/126 MP: 8/25
 15391 | Lair:5   | Learned a level 3 spell: Frozen Ramparts
 15887 | Lair:5   | Identified the +6 morningstar "Tomiuhae" {speed, rElec
                  | rPois Int+3 Dex+7}
 16073 | Lair:5   | Identified the +2 helmet of Vevutoo {rPois Regen+ Slay-5
                  | Stlth+}
 16410 | Orc:1    | Entered Level 1 of the Orcish Mines
 16410 | Orc:1    | Noticed Jorgrun
 16419 | Orc:1    | Killed Jorgrun
 16420 | Orc:1    | Reached skill level 14 in Necromancy
 16460 | Orc:1    | Found Veyczec's Vocational Training.
 16473 | Orc:1    | Bought a manual of Evocations for 1200 gold pieces
 16681 | Orc:2    | Entered Level 2 of the Orcish Mines
 16681 | Orc:2    | Found Puhuatyxa's Book Emporium.
 16681 | Orc:2    | Found Oguasoc's General Store.
 16684 | Orc:2    | Reached skill level 10 in Evocations
 16719 | Orc:2    | Slain by an ettin

Illustrated notes

Levels and vault maps discovered:
D:1:      dpeg_arrival_water_temple_mockup, layout_rooms, serial_shops, shop,
          shapermc_ecumenical_altar_mp_ritualfount, dreamdust_mushroom_princess,
          serial_bayou_pond_a, minmay_crystal_water
D:2:      layout_basic, minmay_lizard_pond, uniq_sigmund, uniq_terence
D:3:      layout_loops_ring, serial_bayou_pond_e
D:4:      layout_rooms, minmay_temple_entry_butterflies,
          kennysheep_cluttered_room, uniq_blork_the_orc
D:5:      layout_basic, nicolae_fountain_basement, uniq_eustachio
D:6:      lemuel_ice_spiral_2, layout_basic, skrybe_limestone_x
D:7:      layout_gridville
D:8:      layout_loops_ring, hangedman_feature_mirror, minmay_diamond_spiral,
          uniq_maurice, uniq_erica
D:9:      layout_roguey, uniq_grum, uniq_amaemon
D:10:     layout_grid_maze, lemuel_doored_altar,
          kennysheep_orc_monster_closet_entryway, enter_bailey_2,
          ebering_ghost_xom, serial_shops, kennysheep_mini,
          minmay_chambers_of_fives
D:11:     layout_big_octagon, erik_lair_island, serial_shops, shop
Temple:   mainiacjoe_temple_archimedes_tessellation
Lair:1:   layout_regular_city, pdpol_lair_cabin_in_the_woods,
          serial_bayou_shore_b, grunt_megastairs_1
Lair:2:   layout_cave_pods, nzn_ghost_randoct, grunt_megastairs_2
Lair:3:   regret_index_combs_of_tragedy, layout_misc_corridors,
          skrybe_swamp_entry_bodies, nicolae_spider_entry_tight_spaces,
          lemuel_fruit_tree, infiniplex_staircase_pool, uniq_gastronok,
          uniq_kirke
Lair:4:   layout_roguey, minmay_slime_entry_eyes, beast_lair_carwin_9
Lair:5:   hangedman_lair_tendril_chambers, layout_cave_pods,
          hangedman_lair_caniforms_friends, hellmonk_talismancer,
          lemuel_fruit_fields, uniq_urug
Orc:1:    layout_caves, nicolae_shop_vocational, uniq_jorgrun, uniq_harold
Orc:2:    st_orc_open, layout_caves, basic_altar

Skill      XL: |  1  2  3  4  5  6  7  8  9 10 11 12 13 14 15 |
---------------+----------------------------------------------+-----
Dodging        | 2 |  2.0
Fighting       | 2 3 4 6 |  6.4
Unarmed Combat | 4 5 6 7 8 10 11 | 11.0
Shapeshifting  | 4 5 7 8 10 11 | 11.0
Armour         | 2 |  2.0
Evocations     | 2 4 6 7 8 9 12 | 12.3
Spellcasting   | 3 4 6 8 |  8.0
Ice Magic      | 3 7 8 |  8.0
Hexes          | 6 |  6.0
Necromancy     | 10 13 14 | 14.0

Action                     |  1- 3 |  4- 6 |  7- 9 | 10-12 | 13-15 || total
---------------------------+-------+-------+-------+-------+-------++-------
  Melee: Unarmed           |    49 |   131 |   359 |   631 |  1002 ||  2172
         Punch             |     1 |     2 |    10 |       |       ||    13
         Constrict         |       |       |       |    45 |   244 ||   289
   Cast: Ozocubu's Armour  |       |       |       |     6 |    48 ||    54
         Death Channel     |       |       |       |       |    13 ||    13
         Borgnjor's Vile C |       |       |       |       |     4 ||     4
         Vampiric Draining |       |       |       |       |    10 ||    10
         Frozen Ramparts   |       |       |       |       |     2 ||     2
 Invoke: Call Merchant     |       |       |       |       |     1 ||     1
Ability: Spit Poison       |    24 |    31 |    27 |     8 |     9 ||    99
         Begin Untransform |     1 |     1 |       |       |       ||     2
  Evoke: Wand              |       |       |       |    11 |     2 ||    13
         Lightning rod     |       |       |       |     6 |     4 ||    10
         Tin of tremorston |       |       |       |       |     3 ||     3
         Phantom mirror    |       |       |       |       |     2 ||     2
    Use: Scroll            |       |       |     8 |     7 |    10 ||    25
         Potion            |       |       |     1 |     1 |     2 ||     4
   Stab: Distracted        |       |     2 |     2 |     1 |     8 ||    13
         Paralysed         |       |       |       |     4 |       ||     4
         Petrified         |       |       |       |     8 |       ||     8
 Armour: Animal skin       |    18 |       |       |       |       ||    18
         Scale mail        |     8 |       |       |       |       ||     8
         Leather armour    |       |    65 |       |       |       ||    65
         Ring mail         |       |    12 |   245 |     5 |       ||   262
         Skin              |       |       |       |   194 |       ||   194
         Robe              |       |       |       |   290 |   793 ||  1083
  Dodge: Dodged            |    19 |    55 |   250 |   560 |   614 ||  1498
   Form: Beast             |     1 |     1 |       |       |       ||     2
         Flux              |       |       |     1 |     2 |     1 ||     4
         Anaconda          |       |       |       |     2 |       ||     2
         Blade             |       |       |       |       |     1 ||     1

Table legend: (Time is in decaauts)
 A = Elapsed time spent in this place.
 B = Non-inter-level travel time spent in this place.
 C = Inter-level travel time spent in this place.
 D = Time resting spent in this place.
 E = Time spent auto-exploring this place.
 F = Levels seen in this place.
 G = Mean time per level.
                   A        B        C        D        E       F      G
               +--------+--------+--------+--------+--------+-----+--------+
         Total |  20405 |  19161 |   1244 |    517 |  10211 |  20 | 1020.2 |
       Dungeon |  11582 |  10544 |   1038 |    280 |   5910 |  11 | 1052.9 |
        Temple |      1 |      1 |      0 |      0 |      0 |   1 |    1.0 |
          Lair |   8046 |   7841 |    205 |    216 |   4005 |   5 | 1609.2 |
  Orcish Mines |    393 |    393 |      0 |      0 |    245 |   2 |  196.5 |
        Bailey |    381 |    381 |      0 |     21 |     50 |   1 |  381.0 |
               +--------+--------+--------+--------+--------+-----+--------+

Top non-repeatable levels by time:
  Lair:5: 2240 daAuts
  Lair:2: 1730 daAuts
  Lair:3: 1566 daAuts
  Lair:1: 1385 daAuts
     D:7: 1327 daAuts
     D:8: 1250 daAuts
     D:2: 1128 daAuts
    D:10: 1127 daAuts
  Lair:4: 1123 daAuts
     D:6: 1070 daAuts
     D:1: 1055 daAuts
     D:4: 1030 daAuts
    D:11: 1007 daAuts
     D:5: 958 daAuts
     D:3: 917 daAuts
